 Dungeon Crawl Stone Soup version 0.28-a0-1638-g9123634e07 (webtiles) character file.

Game seed: 17800803474515619130

287 Hasart the Insei (level 6, -6/39 HPs)
             Began as an Octopode Transmuter on Jan 25, 2022.
             Mangled by an ogre (13 damage)
             ... on level 4 of the Dungeon on Jan 26, 2022.
             The game lasted 00:07:16 (4926 turns).

Hasart the Insei (Octopode Transmuter)              Turns: 4926, Time: 00:07:16

Health: -6/39      AC:  2    Str:  9    XL:     6   Next: 30%
Magic:  8/10       EV: 20    Int: 17    God:
Gold:   139        SH:  0    Dex: 18    Spells: 4/10 levels left

rFire   . . .      SeeInvis .     - Unarmed
rCold   . . .      Faith    .   (shield currently unavailable)
rNeg    . . .      Spirit   .   (helmet currently unavailable)
rPois   x          Reflect  .   (no amulet)
rElec   .          Harm     .   (no ring)
rCorr   .          Rampage  .   (no ring)
Will    .....                   (no ring)
Stlth   ++........              (no ring)
HPRegen 0.13/turn               (no ring)
MPRegen 0.12/turn               (no ring)
                                (no ring)
                                (no ring)

@: spider-form (expiring)
A: venomous fangs, almost no armour, (amphibious), 8 rings, tiny, (camouflage
1), (gelatinous body 1), (nimble swimmer 1), (tentacles)
a: End Transformation


You were on level 4 of the Dungeon.
You were a venomous arachnid creature.
You visited 1 branch of the dungeon, and saw 4 of its levels.

You collected 139 gold pieces.

Inventory:

Missiles
 i - 11 poisoned darts (quivered)
 j - 6 javelins
Wands
 m - a wand of flame (10)
Scrolls
 d - 6 scrolls of identify {unknown}
 e - a scroll of acquirement {unknown}
 g - a scroll of immolation {unknown}
 h - 2 scrolls of vulnerability {unknown}
 k - a scroll of fog {unknown}
 n - a scroll of teleportation {unknown}
 o - a scroll of blinking {unknown}
Potions
 a - 2 potions of degeneration {unknown}
 b - a potion of mutation {unknown}
 c - a potion of berserk rage {unknown}
 f - 2 potions of curing
 l - 3 potions of magic {unknown}


   Skills:
 + Level 2.2 Fighting
 + Level 1.1 Throwing
 + Level 2.9 Dodging
 * Level 4.4 Unarmed Combat
 + Level 2.7 Spellcasting
 + Level 3.1 Transmutations
 + Level 1.7 Poison Magic


You had 4 spell levels left.
You knew the following spells:

 Your Spells              Type           Power      Damage    Failure   Level
a - Beastly Appendage     Tmut           26%        N/A       14%         1
b - Wereblood             Tmut           13%        N/A       21%         2
c - Spider Form           Tmut/Pois      10%        N/A       41%         3

Your spell library contained the following spells:

 Spells                   Type           Power      Damage    Failure   Level
 Freeze                   Ice            8%         1d3       38%         1
 Frozen Ramparts          Ice            4%         1d2       69%         3
 Ozocubu's Armour         Ice            2%         N/A       69%         3
 Ice Form                 Ice/Tmut       7%         N/A       85%         4
 Hailstorm                Conj/Ice       2%         3d3       96%         4
 Ozocubu's Refrigeration  Ice            1%         4d5       100%        7


Dungeon Overview and Level Annotations

Branches:
Dungeon (4/15)
 Temple: D:4-7

Altars:
Makhleb


Innate Abilities, Weirdness & Mutations

You are a venomous arachnid creature.
You have poisonous fangs.
You are tiny and dextrous.
Your spellcasting is less reliable in this form.
Your armour is entirely melded.
You are incapable of wielding weapons or throwing items.
You cannot wear most types of armour.
((You are amphibious.))
You can wear up to eight rings at the same time.
((Your skin changes colour to match your surroundings (Stealth+).))
((Your rubbery body absorbs attacks. (AC +1, EV +1)))
((You are camouflaged when in or above water. (Stealth+)))
((You have tentacles for arms and can constrict up to eight enemies at once.))


Message History

The goblin shouts!
You miss the goblin. You grab the goblin. You constrict the goblin.
The goblin hits you with a +0 dagger.
You tentacle-slap the goblin.
You kill the goblin!
No target in view!
l - 2 glowing purple potions (gained 1)
d - 6 scrolls labelled GOAMOSOKHLACK (gained 1)
You now have 139 gold pieces (gained 13).
Things that are here:
a +0 dagger; a goblin corpse
Found a stone staircase leading down.
n - a scroll labelled ZIONEO TULEMM
o - a scroll labelled KONTIMYIFIP
There is an open door here.
f - 2 potions of curing (gained 1)
l - 3 glowing purple potions (gained 1)
You pick up a book of Frost and begin reading...
You add the spells Freeze, Frozen Ramparts and Hailstorm to your library.
A dart slug comes into view.
A dart slug is nearby!
An ogre comes into view. It is wielding a +0 giant club.
The dart slug launches a dart at you. The slug dart misses you.
The dart slug launches a dart at you. The slug dart hits you.
Casting: Beastly Appendage (safe; 4% risk of failure)
Confirm with . or Enter, or press ? or * to list all spells.
The spell is quite dangerous to miscast (21% risk of failure)!
Continue anyway?
You turn into a venomous arachnid creature.
You bite the ogre!
The ogre is poisoned.
The ogre is moderately wounded.
The ogre hits you with a +0 giant club!!
Ouch! That really hurt!
* * * LOW HITPOINT WARNING * * *
Your transformation is almost over.
You hit the ogre.
The ogre looks as sick as possible!
The ogre is severely wounded.
The ogre hits you with a +0 giant club!
You die...

.# #...##......# #......# .#
###..#......# #......## .#
##.#......# #.......# .#
#.#......# #.......### .#
#....#.########.>........
.#########.#.#.....#.....).......
.................................
#.##.#......####O#...........#...
#.##.#....#.####s##.#....#####...
#.##.#...........##.#....# #...
#.##.)......<######w#....# #...
#.#..........# #.#....# ##'#
#).........#.# #.######## #..
###).......#.# ##.####...# ###
#........#.. #.........# #
#........##.# #.........# #
#........# .# #.........# #


You could see an ogre (extremely poisoned).

Vanquished Creatures
  A howler monkey (D:4)
  A jelly (D:4)
  A hound (D:4)
  Terence (D:2)
  2 gnolls (D:4)
  6 adders
  An adder skeleton (D:4)
  3 dart slugs
  2 orcs
  7 ball pythons
  2 endoplasms
  2 giant cockroaches
  6 goblins
  6 hobgoblins
  A jackal (D:2)
  3 quokkas
  8 bats
  2 frilled lizards (D:3)
  15 kobolds
  8 rats
78 creatures vanquished.

Notes
Turn   | Place    | Note
-------+----------+-------------------------------------------
     0 | D:1      | Hasart the Octopode Transmuter began the quest for the Orb.
     0 | D:1      | Reached XP level 1. HP: 13/13 MP: 3/3
    97 | D:1      | Reached XP level 2. HP: 3/18 MP: 3/5
   384 | D:1      | Learned a level 2 spell: Wereblood
  1432 | D:1      | Reached XP level 3. HP: 23/23 MP: 6/6
  1877 | D:2      | Noticed Terence
  1890 | D:2      | Killed Terence
  1891 | D:2      | Reached XP level 4. HP: 3/28 MP: 7/7
  1897 | D:2      | Learned a level 3 spell: Spider Form
  2892 | D:2      | Identified the +0 robe of Articulation {rElec rF+}
  3056 | D:3      | Found a burning altar of Makhleb.
  3180 | D:3      | Reached skill level 4 in Unarmed Combat
  3359 | D:3      | Identified the +1 dagger of Ypietoso {vorpal, rPois rC-
                  | Dex+3}
  3452 | D:3      | Reached XP level 5. HP: 10/34 MP: 8/8
  3886 | D:3      | Reached skill level 1 in Poison Magic
  4362 | D:4      | Reached skill level 1 in Throwing
  4362 | D:4      | Reached XP level 6. HP: 22/39 MP: 10/10
  4926 | D:4      | Mangled by an ogre

Illustrated notes

Levels and vault maps discovered:
D:1:      scummos_arrival_hexagon, layout_basic
D:2:      layout_loops_ring, minmay_pentomino_o4, uniq_terence
D:3:      layout_basic, lemuel_crystal_altar, minmay_misc_feat_tiny,
          minmay_cut_off
D:4:      layout_basic

Skill      XL: |  1  2  3  4  5 |
---------------+----------------+-----
Unarmed Combat | 4 |  4.4
Poison Magic   | 1 |  1.7
Fighting       | 2 |  2.2
Transmutations | 3 |  3.1
Throwing       | 1 |  1.1
Dodging        | |  2.9
Spellcasting   | |  2.7

Action                   |  1- 3 |  4- 6 || total
-------------------------+-------+-------++-------
Melee: Unarmed           |    75 |   113 ||   188
       Constrict         |    18 |    30 ||    48
       Tentacles         |    20 |    26 ||    46
       Punch             |     5 |     4 ||     9
       Kick              |     3 |    11 ||    14
 Cast: Beastly Appendage |     1 |     8 ||     9
       Spider Form       |       |     1 ||     1
 Stab: Sleeping          |     7 |    10 ||    17
       Distracted        |       |     1 ||     1
Armor: Skin              |     4 |     5 ||     9
Dodge: Dodged            |    48 |    69 ||   117

Table legend: (Time is in decaauts)
 A = Elapsed time spent in this place.
 B = Non-inter-level travel time spent in this place.
 C = Inter-level travel time spent in this place.
 D = Time resting spent in this place.
 E = Time spent auto-exploring this place.
 F = Levels seen in this place.
 G = Mean time per level.
                   A        B        C        D        E       F      G
               +--------+--------+--------+--------+--------+-----+--------+
         Total |   4912 |   4843 |     69 |    400 |   3834 |   4 | 1228.0 |
       Dungeon |   4912 |   4843 |     69 |    400 |   3834 |   4 | 1228.0 |
               +--------+--------+--------+--------+--------+-----+--------+

Top non-repeatable levels by time:
     D:1: 1629 daAuts
     D:2: 1338 daAuts
     D:3: 1140 daAuts
     D:4: 804 daAuts
